 Dungeon Crawl Stone Soup version 0.28.0-47-ge53b351184 (webtiles) character file.

Game seed: 14110706604076194500

28 Woods the Chiller (level 3, 24/24 HPs)
             Began as a Vampire Ice Elementalist on Apr 28, 2022.
             Quit the game on level 2 of the Dungeon.
             The game lasted 00:03:19 (1209 turns).

Woods the Chiller (Vampire Ice Elementalist)        Turns: 1209, Time: 00:03:20

Health: 24/24      AC:  3    Str:  7    XL:     3   Next: 0%
Magic:  6/6        EV: 12    Int: 19    God:
Gold:   51         SH:  0    Dex: 14    Spells: 5/6 levels left

rFire   + . .      SeeInvis +   (no weapon)
rCold   . . .      Faith    .   (no shield)
rNeg    . . .      Spirit   .   a - +0 robe
rPois   .          Reflect  .   i - +0 helmet
rElec   .          Harm     .   (no cloak)
rCorr   .          Rampage  .   (no gloves)
Will    .....                   (no boots)
Stlth   +++.......              (no amulet)
HPRegen 0.28/turn               c - ring of protection from fire
MPRegen 0.10/turn               (no ring)

@: healing quickly
A: alive, fangs 3, see invisible, vampiric 2
a: Exsanguinate


You were on level 2 of the Dungeon.
You visited 1 branch of the dungeon, and saw 2 of its levels.

You collected 51 gold pieces.

Inventory:

Armour
 a - a +0 robe (worn)
 i - a +0 helmet (worn)
Jewellery
 c - a ring of protection from fire (left hand)
Scrolls
 d - a scroll of blinking {unknown}
 e - a scroll of identify {unknown}
 h - a scroll of enchant armour {unknown}
Potions
 b - a potion of cancellation {unknown}
 f - a potion of lignification {unknown}
 g - 2 potions of curing {unknown}


   Skills:
 - Level 2.1 Dodging
 + Level 4.0 Stealth
 + Level 2.4 Spellcasting
 + Level 4.3 Ice Magic


You had 5 spell levels left.
You knew the following spells:

 Your Spells              Type           Power      Damage    Failure   Level
a - Freeze                Ice            72%        1d9       2%          1

Your spell library contained the following spells:

 Spells                   Type           Power      Damage    Failure   Level
 Frozen Ramparts          Ice            36%        1d5       9%          3
 Ozocubu's Armour         Ice            18%        N/A       9%          3
 Apportation              Tloc           4%         N/A       16%         1
 Hailstorm                Conj/Ice       10%        3d5       54%         4
 Alistair's Intoxication  Tmut/Pois      1%         N/A       99%         5


Dungeon Overview and Level Annotations

Branches:
Dungeon (2/15)

Altars:
Okawaru


Innate Abilities, Weirdness & Mutations

Your natural rate of healing is accelerated.
You have razor-sharp teeth.
You have supernaturally acute eyesight. (SInv)
You are afflicted with vampirism and can become a bat while bloodless.


Message History

Aiming: Freeze (safe; 3% risk of failure)
Press: ? - help, Q - select action Shift-Dir - straight line, f/p - worm
Aim: a worm You freeze the worm!
The worm is heavily wounded.
Unknown command.
Aiming: Freeze (safe; 3% risk of failure)
Press: ? - help, Q - select action Shift-Dir - straight line, f/p - worm
Aim: a worm (heavily wounded)
You freeze the worm.
The worm is severely wounded.
The worm closely misses you.
Aiming: Freeze (safe; 3% risk of failure)
Press: ? - help, Q - select action Shift-Dir - straight line, f/p - worm
Aim: a worm (heavily wounded)
You freeze the worm!
The worm is almost dead.
Unknown command.
Aiming: Freeze (safe; 3% risk of failure)
Press: ? - help, Q - select action Shift-Dir - straight line, f/p - worm
Aim: a worm (almost dead)
You freeze the worm.
You kill the worm!
Your Stealth skill increases to level 4!
You have reached level 3!
Your experience leads to an increase in your attributes!
Increase (S)trength, (I)ntelligence, or (D)exterity?
You feel clever. x2
You can now turn into a vampire bat when bloodless.
You start resting.
HP restored.
You start resting.
Magic restored.
Okay, then.
Okay, then.
The ball python hisses angrily.
A ball python is nearby!
A ball python is nearby!
A ball python is nearby!
Are you sure you want to abandon this character and quit the game? (Confirm with "yes".)

###.......# #.........#
##(....#.. #####.#####
#..._..# #.# #......# #.#
##......# # #.#
#.....#####.#######.#
#.#.#.# #...........#
#.#.#.# #..#.......#######
#.#.... .S.....@.......).#
#.###.#####$######.#####.#
##.###.# # #.# # .......#
#.# ...##### #.# #..# #.#
...# #.......< ##.#
###..#>## ##.# ..#


You could see a ball python.

Vanquished Creatures
  2 worms (D:2)
  A dart slug (D:1)
  3 ball pythons (D:1)
  2 endoplasms
  3 hobgoblins
  A quokka (D:1)
  4 goblins
  4 rats
20 creatures vanquished.

Notes
Turn   | Place    | Note
-------+----------+-------------------------------------------
     0 | D:1      | Woods the Vampire Ice Elementalist began the quest for the
                  | Orb.
     0 | D:1      | Reached XP level 1. HP: 13/13 MP: 3/3
   306 | D:1      | Reached XP level 2. HP: 19/19 MP: 0/5
   647 | D:1      | You fall into a shaft and drop 1 floor!
   724 | D:1      | Found a faded altar of an unknown god.
   909 | D:2      | Found an iron altar of Okawaru.
  1146 | D:2      | Gained mutation: You are afflicted with vampirism and can
                  | become a bat while bloodless. [Vampire growth]
  1146 | D:2      | Reached XP level 3. HP: 15/24 MP: 0/6
  1209 | D:2      | Quit the game

Illustrated notes

Levels and vault maps discovered:
D:1:      minmay_arrival_wavy_path, layout_rooms, serial_forest,
          infiniplex_forest_lined_corner, infiniplex_forest_clump_curved,
          infiniplex_forest_clump_medium, infiniplex_forest_clump_tiny,
          infiniplex_forest_clump_small, infiniplex_forest_zigzag_1,
          infiniplex_forest_clump_tiny, infiniplex_forest_lined_ring,
          hellmonk_ecumenical_altar_zigzags
D:2:      layout_loops_cross, basic_altar, minmay_heptomino_w4

Skill      XL: |  1  2 |
---------------+-------+-----
Stealth        | 4 |  4.0
Dodging        | |  2.1
Spellcasting   | |  2.4
Ice Magic      | |  4.3

Action                   || total
-------------------------++-------
Melee: Unarmed           ||     9
       Bite              ||     1
 Cast: Freeze            ||    39
Armor: Robe              ||     6
Dodge: Dodged            ||    16
